 Dungeon Crawl Stone Soup version 0.28-a0-906-g0406aca7d3 (webtiles) character file.

Game seed: 15457920875360859306

11424 karkarkar the Thaumaturge (level 12, -4/85 HPs)
             Began as a Djinni Conjurer on Nov 23, 2021.
             Was a Believer of Makhleb.
             Slain by a boulder beetle (35 damage)
             ... on level 9 of the Dungeon.
             The game lasted 01:03:33 (14039 turns).

karkarkar the Thaumaturge (Djinni Conjurer)        Turns: 14039, Time: 01:03:34

Health: -4/85      AC:  9    Str:  6    XL:     12   Next: 7%
Gold:   407        EV: 15    Int: 24    God:    Makhleb [**....] SH:  5 Dex: 13

rFire   + . .      SeeInvis .   a - +3 broad axe (flame)
rCold   . . .      Faith    .   (no shield)
rNeg    . . .      Spirit   .   p - +0 robe
rPois   ∞          Reflect  +   g - +0 helmet
rElec   .          Harm     .   z - +0 cloak
rCorr   .          Rampage  .   x - +0 pair of gloves
Will    +....                   (boots unavailable)
Stlth   ++........              u - amulet of reflection
HPRegen 0.24/turn               w - +4 ring of protection
MPRegen 0.00/turn               f - ring of ice

@: flying
A: sickness immunity, fire resistance 2, cold vulnerability 1, float, innate
caster, hp casting, extra vitality 1
a: Renounce Religion, Minor Destruction


You were on level 9 of the Dungeon.
You worshipped Makhleb.
Makhleb was pleased with you.
You visited 2 branches of the dungeon, and saw 10 of its levels.

You collected 457 gold pieces.
You spent 50 gold pieces at shops.

Inventory:

Hand Weapons
 a - a +3 broad axe of flaming (weapon)
Missiles
 n - 5 boomerangs
 o - 39 poisoned darts
Armour
 g - a +0 helmet (worn)
 p - a +0 robe (worn)
 x - a +0 pair of gloves (worn)
 z - a +0 cloak (worn)
Jewellery
 f - a ring of ice (right hand)
 h - a ring of positive energy
 u - an amulet of reflection (around neck)
 w - a +4 ring of protection (left hand)
Wands
 k - a wand of acid (6)
 q - a wand of polymorph (4)
 y - a wand of mindburst (8)
 D - a wand of charming (12)
Scrolls
 e - 2 scrolls of immolation
 j - 5 scrolls of magic mapping
 v - a scroll of torment
 A - a scroll of acquirement {unknown}
 B - 2 scrolls of enchant armour
 C - a scroll of fog {unknown}
Potions
 b - a potion of magic {unknown}
 c - 2 potions of cancellation {unknown}
 d - 2 potions of might
 i - 3 potions of curing
 l - 5 potions of lignification
 m - 3 potions of haste
 r - a potion of attraction {unknown}
 s - 2 potions of resistance {unknown}
 t - 2 potions of degeneration {unknown}


   Skills:
 * Level 7.2 Fighting
 + Level 0.7(1.4) Axes
 - Level 1.8(2.0) Maces & Flails
 + Level 1.8 Throwing
 * Level 8.8 Dodging
 - Level 1.5 Stealth
 + Level 11.7 Spellcasting
 + Level 0.1 Evocations


You had 8 spell levels left.
You knew the following spells:

 Your Spells              Type           Power      Damage    Failure   Level
a - Magic Dart            Conj           100%       1d8       1%          1
b - Searing Ray           Conj           100%       2d8       1%          2
c - Dazzling Flash        Conj/Hex       100%       N/A       1%          3
d - Fulminant Prism       Conj/Hex       31%        3d16      1%          4
e - Iskenderun's Mystic   Conj/Tloc      63%        2d13      1%          4
f - Apportation           Tloc           100%       N/A       1%          1
g - Scorch                Fire           100%       2d10      1%          2
h - Corpse Rot            Necr/Air       100%       N/A       1%          2
i - Summon Guardian Gole  Hex/Summ       63%        N/A       1%          3
j - Airstrike             Air            31%        N/A       1%          4
Your spell library was empty.

Dungeon Overview and Level Annotations

Branches:
Dungeon (9/15)             Temple (1/1) D:6
   Lair: D:8-11         Orc: D:9-12

Altars:
Ashenzari
Cheibriados
Dithmenos
Elyvilon
Fedhas
Gozag
Hepliaklqana
Kikubaaqudgha
Makhleb
Okawaru
Qazlal
Ru
Sif Muna
Trog
Uskayaw
Vehumet
Wu Jian
Xom
The Shining One

Shops:
D:3 !

Portals:
Abyss: D:7

Annotations:
D:7 2 transporters, AttackTheMoon's ghost, novice HOFi


Innate Abilities, Weirdness & Mutations

You are immune to sickness and miasma.
You are immune to poison.
Your flesh is very heat resistant. (rF++)
You are vulnerable to cold. (rC-)
You float through the air rather than walking.
You learn spells naturally, not from books.
Your magical power is your life essence.
You have superior vitality. (+4 HP)


Message History

The slime creature is heavily wounded.
The air twists around and strikes the slime creature!
The slime creature is severely wounded.
The air twists around and strikes the slime creature!
The slime creature is almost dead.
The air twists around and strikes the slime creature!
You kill the slime creature!
Makhleb accepts your kill.
A boulder beetle comes into view.
The boulder beetle curls into a ball and begins rolling!
You erupt in a blast of force!
The mystic blast hits the boulder beetle but does no damage.
The boulder beetle misses you.
The boulder beetle stops rolling and uncurls.
You are too injured to fight recklessly!
Casting: Iskenderun's Mystic Blast (safe; 1% risk of failure)
Press: ? - help, Q - select action, (/) - cycle Dir - look around, f - activate You erupt in a blast of force!
The mystic blast hits the boulder beetle.
The boulder beetle is lightly wounded.
The boulder beetle is knocked back by the mystic blast.
You hear a howl!
You are too injured to fight recklessly!
The boulder beetle curls into a ball and begins rolling!
You are too injured to fight recklessly!
Casting: Iskenderun's Mystic Blast (safe; 1% risk of failure)
Press: ? - help, Q - select action, (/) - cycle Dir - look around, f - activate You erupt in a blast of force!
The mystic blast hits the boulder beetle.
The boulder beetle is lightly wounded.
The boulder beetle is knocked back by the mystic blast.
You hear a shout!
Casting: Iskenderun's Mystic Blast (safe; 1% risk of failure)
Press: ? - help, Q - select action, (/) - cycle Dir - look around, f - activate You erupt in a blast of force!
The mystic blast hits the boulder beetle but does no damage.
The boulder beetle is lightly wounded.
You hear a howl!
The boulder beetle hits you!!
You die...

#..#.°...........#
.'.##....##..#'#
.#.##....# ##
#...°..## #.##°###
#.##°# ####
#####...○###
#...#.#.[[#...B..#
#.#..##.(.#.##@.## .
#.........#.##..##
..#.#.....###).....#
.'....⌠....'......#
.#.#.....###.#...##
#.........#.#...####
#.#.†##..)#.#......#
#...#.#).[#.#......#
#######'#####.#......#


You could see a boulder beetle (rolling).

Vanquished Creatures
  A boulder beetle (D:9)
  4 two-headed ogres
  Pikel (D:4)
  An ugly thing (D:9)
  Maurice (D:9)
  A gargoyle (D:9)
  Maggie (D:6)
  A hornet (D:8)
  2 slime creatures (D:9)
  2 shadows (D:9)
  A wraith (D:9)
  A wyvern (D:8)
  A steam dragon (D:9)
  A yak (D:9)
  A basilisk (D:8)
  A vampire mosquito (D:8)
  Menkaure (D:7)
  Edmund (D:4)
  5 orc warriors
  A sky beast (D:7)
  3 black bears
  A hornet zombie (D:7)
  2 necrophages
  2 ogres
  6 centaurs
  2 phantoms
  A lemure (D:4)
  2 gnoll sergeants
  5 bullfrogs
  A scorpion (D:4)
  A wyvern skeleton (D:7)
  13 killer bees
  7 wights
  A howler monkey (D:9)
  3 centaur zombies
  A centaur skeleton (D:5)
  2 bullfrog skeletons
  10 orc priests
  2 hounds
  A jelly (D:6)
  2 gnoll shamans
  Jessica (D:3)
  2 iguanas (D:4)
  9 orc wizards
  A hound skeleton (D:4)
  2 howler monkey zombies
  A howler monkey skeleton (D:6)
  11 adders
  30 gnolls
  2 white imps
  3 adder skeletons
  A worm (D:2)
  5 dart slugs
  25 orcs
  5 endoplasms
  4 giant cockroaches
  4 goblins
  6 hobgoblins
  6 jackals
  9 kobolds
  9 ball pythons
  3 bats (D:1)
  5 frilled lizards
  A rat (D:1)
  2 fulminant prisms
244 creatures vanquished.

Vanquished Creatures (others)
  59 fulminant prisms
  51 fungi (D:8)
  6 plants (D:9)
116 creatures vanquished.

Grand Total: 360 creatures vanquished

Notes
Turn   | Place    | Note
-------+----------+-------------------------------------------
     0 | D:1      | karkarkar the Djinni Conjurer began the quest for the Orb.
     0 | D:1      | Reached XP level 1. HP: 15/15 MP: 0/0
   245 | D:1      | Reached XP level 2. HP: 12/21 MP: 0/0
   773 | D:1      | Reached XP level 3. HP: 16/25 MP: 0/0
   773 | D:1      | Learned a level 1 spell: Apportation
  1392 | D:2      | Reached skill level 4 in Spellcasting
  1528 | D:2      | Reached XP level 4. HP: 24/31 MP: 0/0
  1608 | D:2      | Reached skill level 1 in Fighting
  2033 | D:2      | Reached XP level 5. HP: 36/37 MP: 0/0
  2033 | D:2      | Learned a level 2 spell: Scorch
  2958 | D:3      | Reached XP level 6. HP: 42/43 MP: 0/0
  2992 | D:3      | Found an iron altar of Okawaru.
  3008 | D:3      | Found Liddoer's Distillery.
  3062 | D:3      | Found a faded altar of an unknown god.
  3218 | D:3      | Noticed Jessica
  3222 | D:3      | Killed Jessica
  3437 | D:4      | Noticed Edmund
  3437 | D:4      | Noticed a necrophage
  4105 | D:3      | Reached skill level 5 in Spellcasting
  4421 | D:3      | Bought a potion of heal wounds for 50 gold pieces
  4475 | D:4      | Reached XP level 7. HP: 35/49 MP: 0/0
  4475 | D:4      | Learned a level 2 spell: Corpse Rot
  4639 | D:4      | Noticed Pikel
  5300 | D:4      | Reached XP level 8. HP: 38/56 MP: 0/0
  5471 | D:4      | Reached skill level 6 in Spellcasting
  5813 | D:4      | Reached skill level 5 in Dodging
  5816 | D:4      | Killed Edmund
  6131 | D:4      | Killed Pikel
  6132 | D:4      | Reached skill level 7 in Spellcasting
  6132 | D:4      | Reached XP level 9. HP: 50/62 MP: 0/0
  6132 | D:4      | Learned a level 3 spell: Summon Guardian Golem
  6338 | D:4      | Found a white marble altar of Elyvilon.
  6518 | D:5      | Entered Level 5 of the Dungeon
  7895 | D:6      | Found a staircase to the Ecumenical Temple.
  7904 | Temple   | Entered the Ecumenical Temple
  8040 | Temple   | Became a worshipper of Makhleb the Destroyer
  8291 | D:6      | Reached skill level 8 in Spellcasting
  8344 | D:6      | Reached skill level 1 in Maces & Flails
  8581 | D:7      | Noticed Maggie
  8848 | D:6      | Killed Maggie
  8849 | D:6      | Reached skill level 5 in Fighting
  8849 | D:6      | Reached XP level 10. HP: 48/70 MP: 0/0
  9042 | D:7      | Reached skill level 1 in Throwing
  9251 | D:7      | Noticed Menkaure
  9254 | D:7      | Reached * piety under Makhleb
  9578 | D:7      | Killed Menkaure
  9579 | D:7      | Reached skill level 9 in Spellcasting
  9680 | D:7      | Noticed AttackTheMoon's ghost (novice HOFi)
  9693 | D:7      | Found a transporter.
  9694 | D:7      | Found a transporter.
  9702 | D:7      | Found a one-way gate to the infinite horrors of the Abyss.
 11202 | D:8      | Found a broken altar of Ashenzari.
 11320 | D:8      | Found a white marble altar of Elyvilon.
 11505 | D:8      | Noticed a two-headed ogre
 11514 | D:8      | Killed a two-headed ogre
 11515 | D:8      | Reached skill level 10 in Spellcasting
 11515 | D:8      | Reached XP level 11. HP: 40/76 MP: 0/0
 11515 | D:8      | Learned a level 4 spell: Airstrike
 11979 | D:9      | Noticed a death knight
 12637 | D:9      | Noticed a two-headed ogre
 12643 | D:9      | Reached ** piety under Makhleb
 12651 | D:9      | Killed a two-headed ogre
 12663 | D:9      | Noticed a two-headed ogre
 12680 | D:9      | Killed a two-headed ogre
 12681 | D:9      | Reached skill level 11 in Spellcasting
 12940 | D:9      | Noticed a two-headed ogre
 12952 | D:9      | Killed a two-headed ogre
 12998 | D:9      | Noticed a boulder beetle
 13022 | D:9      | Noticed a red ugly thing
 13031 | D:9      | Killed a boulder beetle
 13338 | D:9      | Killed a red ugly thing
 13971 | D:9      | Noticed Maurice
 13980 | D:9      | Killed Maurice
 13981 | D:9      | Reached XP level 12. HP: 76/85 MP: 0/0
 14025 | D:9      | Noticed a boulder beetle
 14039 | D:9      | Slain by a boulder beetle

Illustrated notes

Levels and vault maps discovered:
D:1:      nzn_arrival_crosshair, layout_loops_ring
D:2:      layout_basic
D:3:      layout_rooms, mainiacjoe_overflow_small_starburst,
          dilly_ecumenical_altar_fadedgnrine, serial_shops, shop_fountains,
          uniq_jessica
D:4:      minmay_chambers_of_threes, layout_basic, kennysheep_flooded_box,
          minmay_misc_feat_doors, uniq_edmund, uniq_pikel
D:5:      layout_basic
D:6:      layout_loops_cross, temple_statues, grunt_ministairs_9
D:7:      layout_layer_cave, gammafunk_ghost_abyssal_escape, uniq_maggie,
          uniq_menkaure
D:8:      layout_basic, mainiacjoe_overflow_catch_the_wave
D:9:      minmay_the_grid_4x2 [minmay_the_grid_garden,
          minmay_the_grid_outer_diamond, minmay_the_grid_large_cup,
          minmay_the_grid_minigrid_medium, minmay_the_grid_outer_circle,
          minmay_the_grid_fan, minmay_the_grid_rooms,
          minmay_the_grid_prize_big_room], layout_gridville,
          chequers_temple_overflow_minitemple, uniq_maurice
Temple:   nicolae_temple_elliptical

Skill      XL: |  1  2  3  4  5  6  7  8  9 10 11 |
---------------+----------------------------------+-----
Spellcasting   | 4 5 7 8 10 11 | 11.7
Fighting       | 1 2 3 4 5 6 7 |  7.2
Dodging        | 3 4 5 6 7 8 |  8.8
Maces & Flails | 1 |  1.8
Throwing       | 1 |  1.8
Axes           | |  0.7
Stealth        | |  1.5
Evocations     | |  0.1

Action                   |  1- 3 |  4- 6 |  7- 9 | 10-12 || total
-------------------------+-------+-------+-------+-------++-------
Melee: Whip              |       |       |     9 |       ||     9
       Broad axe         |       |       |       |     4 ||     4
Throw: Throwing net      |     1 |     1 |       |       ||     2
       Boomerang         |       |       |     1 |     1 ||     2
       Dart              |       |       |       |    11 ||    11
 Cast: Magic Dart        |    34 |    60 |    54 |    30 ||   178
       Searing Ray       |    10 |    29 |    32 |    10 ||    81
       Scorch            |       |     3 |     2 |       ||     5
       Dazzling Flash    |       |     3 |       |     1 ||     4
       Corpse Rot        |       |       |     1 |       ||     1
       Fulminant Prism   |       |       |    34 |    27 ||    61
       Iskenderun's Myst |       |       |    20 |    90 ||   110
       Summon Guardian G |       |       |     3 |     5 ||     8
       Airstrike         |       |       |       |    27 ||    27
Evoke: Wand              |       |       |       |     2 ||     2
  Use: Scroll            |     1 |     5 |     6 |     5 ||    17
       Potion            |       |     1 |     1 |     1 ||     3
Armor: Robe              |       |     4 |     2 |     8 ||    14
Dodge: Dodged            |     2 |    18 |    33 |    27 ||    80
Block: Other             |       |       |     1 |    14 ||    15
       Reflection        |       |       |     1 |     3 ||     4

Table legend: (Time is in decaauts)
 A = Elapsed time spent in this place.
 B = Non-inter-level travel time spent in this place.
 C = Inter-level travel time spent in this place.
 D = Time resting spent in this place.
 E = Time spent auto-exploring this place.
 F = Levels seen in this place.
 G = Mean time per level.
                   A        B        C        D        E       F      G
               +--------+--------+--------+--------+--------+-----+--------+
         Total |  14060 |  13683 |    377 |   4750 |   6752 |  10 | 1406.0 |
       Dungeon |  13886 |  13516 |    370 |   4750 |   6641 |   9 | 1542.9 |
        Temple |    173 |    166 |      7 |      0 |    111 |   1 |  173.0 |
               +--------+--------+--------+--------+--------+-----+--------+

Top non-repeatable levels by time:
     D:8: 2580 daAuts
     D:2: 1820 daAuts
     D:3: 1793 daAuts
     D:4: 1604 daAuts
     D:6: 1566 daAuts
     D:7: 1436 daAuts
     D:1: 1311 daAuts
     D:5: 894 daAuts
     D:9: 878 daAuts
  Temple: 173 daAuts
